 Dungeon Crawl Stone Soup version 0.31-a0-187-gba352fbbf7 (webtiles) character file.

Game seed: 419626325328860548

99 qw the Shooter (level 4, -7/25 HPs)
             Began as a Deep Elf Hunter on June 22, 2023.
             Killed by divine providence
             ... invoked by an orc priest
              (16 damage)
             ... on level 4 of the Dungeon.
             The game lasted 00:00:49 (2718 turns).

qw the Shooter (Deep Elf Hunter)                    Turns: 2718, Time: 00:00:49

Health: -7/25      AC: 10    Str: 10    XL:     4   Next: 45%
Magic:  6/6        EV:  9    Int: 12    God:
Gold:   169        SH:  0    Dex: 18    Spells: 3/3 levels left

rFire   + . .        Y - +1 shortbow (flame)
rCold   + . .        (shield currently unavailable)
rNeg    . . .        d - +2 scale mail {rC+}
rPois   .            b - +0 helmet of Lugonu's Delight {rF+ Will+ Int-2}
rElec   .            (no cloak)
rCorr   .            h - +0 pair of gloves
SInv    .            (no boots)
Will    +....        (no amulet)
Stlth   +            (no ring)
HPRegen 0.24/turn    (no ring)
MPRegen 0.10/turn

%: no passive effects
@: no status effects
A: no striking features
a: no special abilities


You were on level 4 of the Dungeon.
You visited 1 branch of the dungeon, and saw 4 of its levels.

You collected 169 gold pieces.


   Skills:
 - Level 1.5 Fighting
 + Level 7.9 Ranged Weapons
 - Level 2.4 Dodging
 - Level 1.2 Stealth


You had 3 spell levels left.
You didn't know any spells.
Your spell library was empty.

Inventory:

Hand Weapons
 Y - a +1 shortbow of flaming (weapon)
Armour
 b - the +0 helmet of Lugonu's Delight (worn) {rF+ Will+ Int-2}
   (You acquired it on level 3 of the Dungeon)

   Int:       It affects your intelligence (-2).
   rF:        It protects you from fire.
   Will:      It increases your willpower.
 d - a +2 scale mail of cold resistance (worn)
 h - a +0 pair of gloves (worn)
Jewellery
 c - an amulet of regeneration
Scrolls
 i - a scroll of teleportation
Potions
 a - 2 potions of curing
 e - 2 potions of resistance
 f - a potion of cancellation {unknown}
 j - a potion of brilliance {unknown}

Dungeon Overview and Level Annotations

Branches:
Dungeon (4/15)
 Temple: D:4-7

Altars:
Wu Jian


Message History

Found a stone staircase leading down.
You hear the slow rusting of a distant drain.
You now have 169 gold pieces (gained 17).
Found a stone staircase leading up.
Found a rapier.
Found a stone staircase leading down.
An orc priest and an endoplasm come into view.
The orc priest shouts!
The endoplasm quivers.
You hear an angry hiss.
A scorpion comes into view.
Enter note:
Enter note: You shoot an arrow.
The arrow hits the scorpion but does no damage.
You shoot an arrow. The arrow hits the scorpion.
The arrow burns the scorpion.
The scorpion is lightly wounded.
The scorpion stings you but does no damage.
A ball python comes into view.
The scorpion closely misses you.
You shoot an arrow. The arrow closely misses the scorpion.
The scorpion stings you but does no damage.
You shoot an arrow. The arrow hits the scorpion!
The arrow burns the scorpion.
The scorpion is severely wounded.
The scorpion barely misses you.
The scorpion stings you but does no damage.
You shoot an arrow. The arrow barely misses the scorpion.
The scorpion closely misses you.
The orc priest mumbles some strange prayers to Beogh against you.
Beogh smites you!
Ouch! That really hurt!
You shoot an arrow. The arrow hits the scorpion.
The arrow burns the scorpion.
The scorpion is almost dead.
The scorpion barely misses you.
The orc priest hits you with a +0 short sword.
An orc priest comes into view. It is wielding a +0 flail.
The scorpion stings you but does no damage.
The orc priest calls down the wrath of Beogh upon you.
Beogh smites you!
Ouch! That really hurt!
You die...

....##.# #.##..# .....
#.# ###.##.## ....##.#
#...##.# . ##.#..#.#
#.####.# .o
...##.#.###.# #.# .#.
...)......).# #.# ....
..........### #.##..#
..........######.oS..#
#.........##>.).@s...#
..).......##.....J..##
.#........##.......##
##........##.<.....#
#........##....)..#
##.########.......#
#.. #.......# ###.
#.......#


You could see a scorpion, 2 orc priests, an endoplasm and a ball python.

Vanquished Creatures
  2 adders
  A worm (D:3)
  5 orcs
  7 ball pythons
  7 bats
  An endoplasm (D:2)
  3 giant cockroaches
  3 goblins
  5 hobgoblins
  13 jackals
  6 kobolds
  4 quokkas
  4 frilled lizards
  3 rats
64 creatures vanquished.

Notes
Turn   | Place    | Note
-------+----------+-------------------------------------------
     0 | D:1      | qw the Deep Elf Hunter began the quest for the Orb.
     0 | D:1      | Reached XP level 1. HP: 12/12 MP: 3/3
     0 | D:1      | 0 ||| qw: Version: 0.3-a-9-g12657ce
     0 | D:1      | 0 ||| qw: Game counter: 2105
     0 | D:1      | 0 ||| qw: Always use a shield: true
     0 | D:1      | 0 ||| qw: God list: Okawaru
     0 | D:1      | 0 ||| qw: Allow faded altars: false
     0 | D:1      | 0 ||| qw: Do Orc after D:15 true
     0 | D:1      | 0 ||| qw: Do second Lair branch before Depths: true
     0 | D:1      | 0 ||| qw: Lair rune preference: random
     0 | D:1      | 0 ||| qw: Plans: Normal
     0 | D:1      | 0 ||| PLANNING D:1-11
   124 | D:1      | Reached XP level 2. HP: 13/16 MP: 4/4
   126 | D:1      | Reached skill level 6 in Ranged Weapons
   126 | D:1      | 126 ||| FLEEEEING.
   138 | D:1      | HP: 4/16 [bat (1)]
   479 | D:1      | Reached XP level 3. HP: 20/20 MP: 5/5
   964 | D:1      | 964 ||| UPGRADING to +2 scale mail of cold resistance.
   974 | D:1      | 974 ||| DROPPING +0 leather armour.
   975 | D:1      | 975 ||| UPGRADING to +0 pair of gloves.
   980 | D:1      | 980 ||| READING scroll labelled DIMIAPS DEDWOU.
   984 | D:1      | 984 ||| READING scroll labelled LAOWAN RI YDD.
   985 | D:1      | 985 ||| DROPPING scroll of butterflies.
  1037 | D:2      | 1037 ||| Stepping ~*~*~tactically~*~*~ (outnumbered).
  1215 | D:2      | Found an ornate altar of the Wu Jian Council.
  1721 | D:2      | Reached skill level 7 in Ranged Weapons
  1766 | D:2      | 1766 ||| UPGRADING to +0 helmet.
  1771 | D:2      | 1771 ||| READING scroll labelled BUNKAB GORYUD.
  1772 | D:2      | 1772 ||| READING scroll labelled PUMUUCE WAPE.
  1773 | D:2      | 1773 ||| READING scroll labelled DAICA YSCHUADA.
  1774 | D:2      | 1774 ||| READING scroll labelled QEUTHI TANGISK.
  1775 | D:2      | 1775 ||| DRINKING 2 brown potions.
  1832 | D:2      | 1832 ||| DRINKING 2 fizzy red potions.
  1833 | D:2      | 1833 ||| DRINKING 2 fizzy black potions.
  1834 | D:2      | 1834 ||| DROPPING potion of lignification.
  1835 | D:2      | 1835 ||| DROPPING potion of attraction.
  2074 | D:3      | Reached XP level 4. HP: 25/25 MP: 6/6
  2627 | D:3      | 2627 ||| READING scroll labelled ADAUSEDI WEUFOAR.
  2628 | D:3      | 2628 ||| READING scroll labelled ZIUBOD WE FUI.
  2629 | D:3      | 2629 ||| READING scroll labelled WOASUO ZYIPTEYSKI.
  2629 | D:3      | Identified a scroll of acquirement
  2629 | D:3      | 2629 ||| ACQUIRING +0 helmet of Lugonu's Delight {rF+ Will+
                  | Int-2}
  2629 | D:3      | Acquired the +0 helmet of Lugonu's Delight {rF+ Will+
                  | Int-2}
  2631 | D:3      | 2631 ||| UPGRADING to +0 helmet of Lugonu's Delight {rF+
                  | Will+ Int-2}.
  2641 | D:3      | 2641 ||| DROPPING +0 helmet.
  2642 | D:3      | 2642 ||| DRINKING 3 puce potions.
  2661 | D:4      | 2661 ||| PLANNING SEWER
  2712 | D:4      | Noticed a scorpion
  2718 | D:4      | Killed from afar by an orc priest

Levels and vault maps discovered:
D:1:      dpeg_arrival_oval, layout_basic, serial_rivers,
          chequers_serial_rivers_room_a, chequers_serial_rivers_micro_c,
          chequers_serial_rivers_small_b, chequers_serial_rivers_small_b,
          chequers_serial_rivers_large_a, chequers_serial_rivers_marsh,
          dreamdust_princess_bridge
D:2:      layout_loops_corners, basic_altar
D:3:      layout_basic
D:4:      layout_rooms, tso_altar, cheibrodos_sewer_entry_drain

Skill      XL: |  1  2  3 |
---------------+----------+-----
Ranged Weapons | 6 7 |  7.9
Fighting       | |  1.5
Dodging        | |  2.4
Stealth        | |  1.2

Action                     |  1- 3 |  4- 6 || total
---------------------------+-------+-------++-------
   Fire: Shortbow          |   125 |    36 ||   161
    Use: Scroll            |     6 |     3 ||     9
         Potion            |     3 |     1 ||     4
 Armour: Leather armour    |    28 |       ||    28
         Scale mail        |    28 |    15 ||    43
  Dodge: Dodged            |    53 |    11 ||    64

Table legend:
 A = Non-vault XP
 B = Vault XP
 C = Vault XP percentage of total XP
 D = Non-vault monster count
 E = Vault monster count
 F = Vault count percentage of total count
                 A         B        C        D         E       F
            +---------+---------+-------+---------+---------+-------
      Total |     142 |       0 |   0.0 |      64 |       0 |   0.0
            +---------+---------+-------+---------+---------+-------
        D:1 |      47 |       0 |   0.0 |      28 |       0 |   0.0
        D:2 |      16 |       0 |   0.0 |       9 |       0 |   0.0
        D:3 |      61 |       0 |   0.0 |      24 |       0 |   0.0
        D:4 |      18 |       0 |   0.0 |       3 |       0 |   0.0
            +---------+---------+-------+---------+---------+-------
